 Dungeon Crawl Stone Soup version 0.31-a0-455-g1a7b003ef0 (webtiles) character file.

Game seed: 7303493689809275270

96427 Crownlay the Basher (level 15, -3/149 HPs)
             Began as a Troll Fighter on July 31, 2023.
             Was an Elder of Okawaru.
             Killed from afar by Roxanne (30 damage)
             ... with an entropic shot
             ... on level 1 of the Swamp on Aug 3, 2023.
             The game lasted 01:53:48 (24618 turns).

Crownlay the Basher (Troll Fighter)                Turns: 24618, Time: 01:53:49

Health: -3/149     AC: 11    Str: 34    XL:     15   Next: 69%
Magic:  0/22       EV: 18    Int:  5    God:    Okawaru [****..]
Gold:   1707       SH: 19    Dex: 19    Spells: 14/14 levels left

rFire   + + +        L - +5 morningstar
rCold   . . .        w - +5 kite shield {reflect}
rNeg    + . .        N - +0 troll leather armour
rPois   .            Q - +0 hat of Catatonia {Int+5}
rElec   .            g - +2 cloak
rCorr   +            (gloves unavailable)
SInv    .            (boots unavailable)
Will    +++..        e - amulet of guardian spirit
Stlth   +++          y - ring "Mifunkuz" {rN+ Will+ rCorr}
HPRegen 2.04/turn    O - ring "Vifits" {rF+++ Will+ Int-4 Dex+10 Slay-3}
MPRegen 0.18/turn

%: reflection, guardian spirit
@: heroic, finesse-ful
A: large, unfitting armour, claws 3, regeneration 1, shaggy fur 1, tough skin 1
a: Renounce Religion, Heroism, Finesse


You were on level 1 of the Swamp.
You worshipped Okawaru.
Okawaru was greatly pleased with you.
You visited 5 branches of the dungeon, and saw 24 of its levels.
You also visited: Sewer, Ossuary, Gauntlet and Volcano.

You collected 2819 gold pieces.
You spent 1112 gold pieces at shops.

Inventory:

Hand Weapons
 L - a +5 morningstar (weapon)
Missiles
 c - 3 curare-tipped darts
 k - 10 silver javelins
 l - a throwing net
Armour
 g - a +2 cloak (worn)
 w - a +5 kite shield of reflection (worn)
 N - a +0 troll leather armour (worn)
 Q - the +0 hat of Catatonia (worn) {Int+5}
   (Okawaru gifted it to you on level 2 of the Lair of Beasts)

   Int:       It affects your intelligence (+5).
Jewellery
 d - a ring of see invisible
 e - an amulet of guardian spirit (around neck)
 f - a ring of protection from cold
 y - the ring "Mifunkuz" (left claw) {rN+ Will+ rCorr}
   (You bought it in a shop on level 13 of the Dungeon)

   [ring of positive energy]

   rN:        It protects you from negative energy.
   rCorr:     It protects you from acid and corrosion.
   Will:      It increases your willpower.
 O - the ring "Vifits" (right claw) {rF+++ Will+ Int-4 Dex+10 Slay-3}
   (You found it in a Gauntlet)

   [ring of willpower]

   Int:       It affects your intelligence (-4).
   Dex:       It affects your dexterity (+10).
   Slay:      It affects your accuracy & damage with ranged weapons and melee
   (-3).
   rF:        It renders you almost immune to fire.
   Will:      It increases your willpower.
Talismans
 M - a maw talisman
Wands
 m - a wand of iceblast (6)
 r - a wand of mindburst (13)
 E - a wand of flame (18)
 K - a wand of charming (22)
Scrolls
 h - 2 scrolls of revelation
 i - 3 scrolls of teleportation
 j - 2 scrolls of silence
 o - 7 scrolls of fog
 s - 4 scrolls of butterflies
 t - 2 scrolls of torment
 u - 5 scrolls of immolation
 x - a scroll of fear
 z - a scroll of amnesia
 A - a scroll of blinking
 C - 3 scrolls of poison
 G - 2 scrolls of vulnerability
 J - 5 scrolls of enchant weapon
Potions
 a - 2 potions of lignification
 b - a potion of berserk rage
 n - 8 potions of enlightenment
 p - 5 potions of mutation
 q - 2 potions of attraction
 v - a potion of brilliance
 B - 2 potions of ambrosia
 D - 3 potions of invisibility
 F - 4 potions of magic
 H - 5 potions of haste
 I - a potion of cancellation
 R - 3 potions of heal wounds


   Skills:
 + Level 10.1(15.1) Fighting
 - Level 12.0(17.0) Maces & Flails
 + Level 6.5(11.5) Armour
 - Level 10.0(15.0) Dodging
 + Level 10.1(15.1) Shields
 + Level 10.9 Invocations
 + Level 9.0 Shapeshifting


You had 14 spell levels left.
You didn't know any spells.
Your spell library contained the following spells:

 Spells                   Type           Power      Damage    Failure   Level
 Magic Dart               Conj           0%         1d3       58%         1
 Shock                    Conj/Air       0%         1d3       58%         1
 Cigotuvi's Dreadful Rot  Necr/Pois/Air  0%         N/A       75%         2
 Ensorcelled Hibernation  Hex/Ice        0%         N/A       75%         2
 Momentum Strike          Conj/Tloc      0%         3d8       75%         2
 Searing Ray              Conj           0%         2d4       75%         2
 Sublimation of Blood     Necr           0%         N/A       75%         2
 Wereblood                Tmut           0%         N/A       75%         2
 Dazzling Flash           Conj/Hex       0%         N/A       92%         3
 Gell's Gravitas          Tloc           0%         N/A       92%         3
 Ignite Poison            Fire/Tmut/Pois 0%         N/A       92%         3
 Swiftness                Air            0%         N/A       92%         3
 Volatile Blastmotes      Fire/Tloc      0%         2d10      92%         3
 Airstrike                Air            0%         2d(0-16)  100%        4
 Anguish                  Hex/Necr       0%         N/A       100%        4
 Fulminant Prism          Conj/Hex       0%         3d5       100%        4
 Manifold Assault         Tloc           0%         N/A       100%        4
 Freezing Cloud           Conj/Ice/Air   0%         6-21      100%        5
 Dispersal                Tloc           0%         N/A       100%        6
 Starburst                Conj/Fire      0%         6d3       100%        6
 Disjunction              Tloc           0%         N/A       100%        8
 Maxwell's Capacitive Co  Air            0%         ∞         100%        8
 Summon Hydra             Summ           Unusable   N/A       N/A         7
 Dragon's Call            Summ           Unusable   N/A       N/A         9

Dungeon Overview and Level Annotations

Branches:
Dungeon (15/15)            Temple (1/1) D:6            Lair (5/5) D:8
  Swamp (1/4) Lair:2       Spider (0/4) Lair:3        Slime (0/5) Lair:5
    Orc (2/2) D:11            Elf (0/3) Orc:2        Vaults (0/5) D:13
 Depths (0/4) D:15          Sewer (visited)         Ossuary (visited)
Volcano (visited)         Gauntlet (visited)

Altars:
Ashenzari
Cheibriados
Dithmenos
Elyvilon
Fedhas
Gozag
Hepliaklqana
Kikubaaqudgha
Makhleb
Nemelex Xobeh
Okawaru
Qazlal
Ru
Sif Muna
Trog
Uskayaw
Vehumet
Wu Jian
Xom
Yredelemnul
Zin
The Shining One

Shops:
D:5 :   D:13 =   Orc:1 *   Orc:2 !:=*

Annotations:
Lair:1 3 runed translucent doors, exclusion: oklob plant, Maratek's ghost, journeyman TrFi
Swamp:1 Roxanne


Innate Abilities, Weirdness & Mutations

You are too large for most types of armour.
You have claws for hands.
Your natural rate of healing is unusually fast.
You are covered in fur. (AC +1)
You have tough skin. (AC +1)


Message History

The will-o-the-wisp blinks!
The tyrant leech bites you but does no damage.
You impale Roxanne!!
Roxanne is severely damaged.
You are engulfed in poison gas.
You are more poisoned.
You feel very sick.
You hit Roxanne but do no damage.
Roxanne is severely damaged.
You are engulfed in poison gas.
You are more poisoned.
You feel very sick.
Roxanne mumbles some strange words.
The crystal spear misses you.
The crystal spear hits the swamp dragon!!
You block the swamp dragon's attack. x3
You hit Roxanne but do no damage.
Roxanne is severely damaged.
You are engulfed in poison gas.
You are lethally poisoned!
* * * LOW HITPOINT WARNING * * *
x2 You feel extremely sick.
You hit Roxanne.
Roxanne is severely damaged.
You are engulfed in poison gas.
You are more poisoned.
* * * LOW HITPOINT WARNING * * *
x2 You feel very sick.
You block the tyrant leech's attack.
You hit Roxanne but do no damage.
Roxanne is severely damaged.
You are engulfed in poison gas.
You are more poisoned.
* * * LOW HITPOINT WARNING * * *
x2 You feel extremely sick.
The swamp dragon bites you but does no damage.
The swamp dragon completely misses you. You block the swamp dragon's attack.
Okay, then.
You feel better. The tyrant leech closely misses you.
Roxanne mumbles some strange words.
The entropic shot hits you!!!
You die...

♣♣ ♣♣.♣♣♣
♣♣....♣♣ ♣♣
♣♣♣~...~~♣
.~.♣♣♣♣~~D@8..~♣
.~.~~~~~..w..♣♣♣
....~.....♣♣~♣
~~~.~~~<~~~♣~..
...v~~~~~~~§♣...
...~~§~~~~...♣♣~♣
...~~§~~~~.~.♣ ♣♣
.....~~~.....~~
.♣♣.~~..♣♣~.....


You could see Roxanne, a swamp dragon, a tyrant leech and a will-o-the-wisp.

Vanquished Creatures
  Saint Roka (Orc:2)
  Rupert (D:14)
  Frances (D:12)
  Donald (Orc:2)
  The ghost of Sauxt the Earth Mage, a journeyman GrEE of Gozag (D:14)
  A minotaur (Gauntlet)
  A rakshasa (D:15)
  4 hydras
  A vault guard (D:13)
  A catoblepas (D:15)
  3 centaur warriors
  3 two-headed ogres
  6 death yaks (Lair:5)
  Urug (Lair:2)
  2 boulder beetles
  A hell hog (Gauntlet)
  3 orc high priests (Orc:2)
  A tengu warrior (D:12)
  A sixfirhy (Gauntlet)
  2 fire crabs
  A skyshark (Lair:2)
  6 skeletal warriors
  A deep troll (D:14)
  A glowing orange brain (D:15)
  7 orc knights
  3 deep elf pyromancers
  7 orc sorcerers
  2 wolf spiders
  11 ugly things
  17 elephants
  3 cyclopes
  A guardian serpent (Lair:5)
  5 black mambas
  A torpor snail (Lair:2)
  A minotaur zombie (Gauntlet)
  15 cane toads
  An efreet (D:13)
  9 komodo dragons
  An unseen horror (D:11)
  Maggie (D:10)
  A freezing wraith (D:13)
  5 yaktaurs (D:15)
  5 gargoyles
  A kobold demonologist (D:11)
  2 tengu conjurers (D:15)
  4 rime drakes
  6 trolls
  4 hornets
  A polar bear (Lair:4)
  Prince Ribbit (D:6)
  A harpy skeleton (Volcano)
  7 blink frogs (Lair:3)
  3 dream sheep (Lair:2)
  3 flying skulls (Volcano)
  12 slime creatures
  2 vampires
  A culicivora (shapeshifter) (D:15)
  A culicivora (Lair:3)
  6 jumping spiders (Lair:3)
  12 wyverns
  2 alligator skeletons (Volcano)
  A water elemental (D:15)
  34 yaks
  4 fire bats (Gauntlet)
  4 wraiths
  7 vampire mosquitoes
  A steam dragon (D:6)
  4 redbacks
  4 basilisks
  5 wargs
  3 hell hounds (Gauntlet)
  2 acid dragons
  26 water moccasins
  26 orc warriors
  A sky beast (D:7)
  An ice beast (D:5)
  A black bear (Lair:1)
  7 ogres
  15 wolves
  2 phantoms
  16 centaurs
  2 gnoll sergeants
  16 bullfrogs
  3 scorpions
  30 wights
  10 killer bees
  2 spriggan skeletons (Volcano)
  3 electric eels
  3 howler monkeys (D:13)
  A lava snake (D:10)
  4 centaur zombies (Ossuary)
  4 hounds
  16 orc priests
  A gnoll bouda (D:4)
  A sleepcap (D:5)
  5 iguanas
  Terence (D:2)
  26 orc wizards
  6 mummies
  14 adders
  20 gnolls
  5 river rats
  2 white imps
  4 ufetubi (Gauntlet)
  4 worms
  3 dart slugs
  73 orcs
  14 ball pythons
  18 bats
  8 endoplasms
  4 giant cockroaches
  10 goblins
  3 hobgoblins
  8 jackals
  3 quokkas
  8 frilled lizards
  3 hobgoblin zombies (Ossuary)
  9 kobolds
  7 rats
728 creatures vanquished.

Vanquished Creatures (others)
  An orc wizard (D:3)
  An orc (D:15)
2 creatures vanquished.

Grand Total: 730 creatures vanquished

Notes
Turn   | Place    | Note
-------+----------+-------------------------------------------
     0 | D:1      | Crownlay the Troll Fighter began the quest for the Orb.
     0 | D:1      | Reached XP level 1. HP: 22/22 MP: 0/0
    81 | D:1      | Found a faded altar of an unknown god.
   186 | D:1      | Reached XP level 2. HP: 29/29 MP: 1/1
   579 | D:2      | Reached skill level 1 in Invocations
   579 | D:2      | Reached XP level 3. HP: 36/36 MP: 2/2
   595 | D:2      | Noticed Terence
   606 | D:2      | Killed Terence
   607 | D:2      | Reached XP level 4. HP: 40/45 MP: 3/3
  1121 | D:3      | Found a glowing drain.
  1151 | Sewer    | Entered a sewer
  1227 | Sewer    | Reached XP level 5. HP: 49/53 MP: 5/5
  2128 | D:3      | Reached XP level 6. HP: 39/62 MP: 6/6
  2208 | D:3      | Found a shimmering altar of Xom.
  2210 | D:3      | Found a shimmering altar of Xom.
  2211 | D:3      | Found a shimmering altar of Xom.
  2212 | D:3      | Found a shimmering altar of Xom.
  2212 | D:3      | Found a shimmering altar of Xom.
  3032 | D:4      | Reached XP level 7. HP: 71/71 MP: 8/8
  3286 | D:5      | Entered Level 5 of the Dungeon
  3323 | D:5      | Reached skill level 5 in Fighting
  3323 | D:5      | Reached skill level 5 in Dodging
  3458 | D:5      | Reached XP level 8. HP: 64/81 MP: 9/9
  3619 | D:5      | HP: 3/71 [wight/+1 scimitar (3)]
  3993 | D:5      | Found Luamaph's Book Emporium.
  4232 | D:6      | Found a staircase to the Ecumenical Temple.
  4251 | Temple   | Entered the Ecumenical Temple
  4379 | D:6      | Found a bloodstained altar of Trog.
  4384 | D:6      | Reached XP level 9. HP: 92/92 MP: 11/11
  4652 | D:6      | Noticed Prince Ribbit
  4664 | D:6      | Killed Prince Ribbit
  4665 | D:6      | Reached skill level 2 in Maces & Flails
  4665 | D:6      | Reached skill level 5 in Invocations
  4841 | D:6      | Reached skill level 3 in Maces & Flails
  5033 | D:7      | Noticed a deep elf pyromancer
  5151 | D:7      | Killed a deep elf pyromancer
  5152 | D:7      | Reached skill level 4 in Maces & Flails
  5737 | D:8      | Found a sand-covered staircase.
  5746 | Ossuary  | Entered an ossuary
  5754 | Ossuary  | Reached XP level 10. HP: 95/102 MP: 13/13
  6011 | D:8      | Reached skill level 5 in Maces & Flails
  6177 | D:8      | Found a glowing silver altar of Zin.
  6253 | D:8      | Noticed a two-headed ogre
  6263 | D:8      | Killed a two-headed ogre
  6477 | D:8      | Found a staircase to the Lair.
  6666 | D:8      | Noticed an entropy weaver
  7142 | Lair:1   | Entered Level 1 of the Lair of Beasts
  7267 | D:9      | Reached skill level 6 in Maces & Flails
  7434 | D:9      | Upgraded the game from 0.31-a0-431-g88bdf31460 to
                  | 0.31-a0-441-g867994ef1c
  8036 | D:9      | Noticed a two-headed ogre
  8043 | D:9      | Killed a two-headed ogre
  8044 | D:9      | Reached skill level 1 in Shapeshifting
  8107 | D:9      | Noticed a gargoyle
  8122 | D:9      | Killed a gargoyle
  8123 | D:9      | Reached XP level 11. HP: 38/109 MP: 15/15
  8306 | Temple   | Became a worshipper of Warmaster Okawaru
  8411 | D:10     | Entered Level 10 of the Dungeon
  8496 | D:10     | Found a burning altar of Makhleb.
  8699 | D:10     | Found a hazy altar of Hepliaklqana.
  8929 | D:10     | Found a hide-covered altar of Uskayaw.
  9015 | D:10     | Noticed Maggie
  9020 | D:10     | Killed Maggie
  9020 | D:10     | Reached * piety under Okawaru
  9103 | D:10     | Found a snail-covered altar of Cheibriados.
  9137 | D:11     | Found a gate leading to a gauntlet.
  9147 | Gauntlet | Entered a Gauntlet
  9147 | Gauntlet | Noticed a fire crab
  9147 | Gauntlet | Noticed a sixfirhy
  9147 | Gauntlet | Found a transporter.
  9147 | Gauntlet | Found a transporter.
  9148 | Gauntlet | Found a transporter.
  9151 | Gauntlet | Found a transporter.
  9151 | Gauntlet | Found a transporter.
  9151 | Gauntlet | Found a transporter.
  9157 | Gauntlet | Noticed a sixfirhy
  9161 | Gauntlet | Found a transporter.
  9165 | Gauntlet | Found a transporter.
  9173 | Gauntlet | Noticed a hell hog
  9174 | Gauntlet | Noticed an orange crystal statue
  9179 | Gauntlet | Found a transporter.
  9275 | Gauntlet | Found a transporter.
  9279 | Gauntlet | Found a transporter.
  9289 | Gauntlet | Found a transporter.
  9658 | Gauntlet | Killed a sixfirhy
  9659 | Gauntlet | Reached skill level 10 in Dodging
  9745 | Gauntlet | Killed a hell hog
  9746 | Gauntlet | Reached skill level 7 in Maces & Flails
  9755 | Gauntlet | Identified the ring "Vifits" {rF+++ Will+ Int-4 Dex+10
                  | Slay-3}
  9793 | Gauntlet | Noticed a minotaur
  9804 | Gauntlet | Killed a minotaur
  9873 | Gauntlet | Reached ** piety under Okawaru
 10116 | D:11     | Found a staircase to the Orcish Mines.
 10557 | D:11     | Reached *** piety under Okawaru
 11002 | D:11     | Upgraded the game from 0.31-a0-441-g867994ef1c to
                  | 0.31-a0-455-g1a7b003ef0
 11137 | Lair:1   | Noticed a five-headed hydra
 11152 | Lair:1   | Killed a five-headed hydra
 11153 | Lair:1   | Reached skill level 5 in Shields
 11163 | Lair:1   | Reached XP level 12. HP: 75/118 MP: 17/17
 11282 | Lair:1   | Reached skill level 8 in Maces & Flails
 11318 | Lair:1   | Reached **** piety under Okawaru
 11368 | Lair:1   | Found a runed translucent gate.
 11818 | Lair:1   | Found a runed translucent gate.
 11818 | Lair:1   | Found a runed translucent gate.
 11919 | Lair:1   | Noticed Maratek's ghost (journeyman TrFi)
 12196 | Lair:2   | Found a staircase to the Swamp.
 12311 | Lair:2   | Reached skill level 5 in Shapeshifting
 12322 | Lair:2   | Reached ***** piety under Okawaru
 12383 | Lair:2   | Noticed Urug
 12399 | Lair:2   | Killed Urug
 12399 | Lair:2   | Identified the +0 hat of Catatonia {Int+5} (Okawaru gifted
                  | it to you on level 2 of the Lair of Beasts)
 12399 | Lair:2   | Received a gift from Okawaru
 12744 | Lair:2   | Reached skill level 9 in Maces & Flails
 12832 | Lair:2   | Found a hazy altar of Hepliaklqana.
 13223 | Lair:3   | Got Sif Muna's Reference Book on the Union and the Voyage
 13430 | Lair:3   | Noticed a five-headed hydra
 13443 | Lair:3   | Killed a five-headed hydra
 13465 | Lair:3   | Reached XP level 13. HP: 54/126 MP: 19/19
 13518 | Lair:3   | Found a hole to the Spider Nest.
 13837 | Lair:3   | Reached skill level 10 in Maces & Flails
 14576 | Lair:4   | Reached skill level 1 in Armour
 14706 | Lair:4   | Identified the +3 spear of Kunlaus {flame, rElec Str-5
                  | Dex-2 SInv} (Okawaru gifted it to you on level 4 of the
                  | Lair of Beasts)
 14706 | Lair:4   | Received a gift from Okawaru
 15528 | Lair:5   | Entered Level 5 of the Lair of Beasts
 15603 | Lair:5   | Reached skill level 10 in Invocations
 15630 | Lair:5   | Reached skill level 11 in Maces & Flails
 15836 | Lair:5   | Received a gift from Okawaru
 15837 | Lair:5   | Reached XP level 14. HP: 69/137 MP: 20/20
 16043 | Lair:5   | Found a staircase to the Slime Pits.
 17108 | Orc:1    | Entered Level 1 of the Orcish Mines
 17167 | Orc:1    | Found Ilegis's Overcharged Wands.
 17503 | Orc:2    | Entered Level 2 of the Orcish Mines
 17504 | Orc:2    | Noticed Donald
 17615 | Orc:2    | Found a staircase to the Elven Halls.
 17661 | Orc:2    | Found a dark tunnel.
 17667 | Volcano  | Entered a volcano
 17816 | Volcano  | Identified the +6 dire flail "Cean" {holy, rF+ Will- Int+2}
                  | (Okawaru gifted it to you in a volcano)
 17816 | Volcano  | Received a gift from Okawaru
 18104 | Orc:2    | Noticed Saint Roka
 18484 | Orc:2    | HP: 4/140 [Saint Roka/divine providence (14)]
 18610 | Orc:2    | Killed Saint Roka
 18617 | Orc:2    | Reached skill level 12 in Maces & Flails
 18767 | Orc:2    | Found Fuipha Putra's Assorted Antiques.
 18918 | Orc:2    | Killed Donald
 19294 | Orc:2    | Found Wum Okoo's Distillery.
 19315 | Orc:2    | Received a gift from Okawaru
 19343 | Orc:2    | Found Riusteil's Book Shop.
 19349 | Orc:2    | Found Zatiumm's Jewellery Shop.
 19359 | Orc:2    | Bought an orange potion for 29 gold pieces
 19359 | Orc:2    | Bought a scroll labelled ZET REOXIWERRILAD for 33 gold
                  | pieces
 19457 | Orc:2    | Bought a potion of haste for 160 gold pieces
 19457 | Orc:2    | Bought a potion of attraction for 48 gold pieces
 19457 | Orc:2    | Bought a potion of invisibility for 128 gold pieces
 19457 | Orc:2    | Bought a potion of ambrosia for 128 gold pieces
 19457 | Orc:2    | Bought a potion of magic for 128 gold pieces
 19752 | D:12     | Noticed Frances
 19773 | D:12     | Killed Frances
 19774 | D:12     | Reached skill level 5 in Armour
 19868 | D:12     | Found the +18 Lear's hauberk
 20555 | D:13     | Found Qetrurol's One-of-a-Kind Rings.
 20561 | D:13     | Bought the ring "Mifunkuz" {rN+ Will+ rCorr} for 458 gold
                  | pieces
 20706 | D:13     | Reached XP level 15. HP: 50/148 MP: 15/21
 21314 | D:13     | Found a gate to the Vaults.
 21550 | D:13     | Lost intelligence.
 21948 | D:14     | Found a blossoming altar of Fedhas.
 22217 | D:14     | Found a runed translucent gate.
 22218 | D:14     | Found a runed translucent gate.
 22218 | D:14     | Noticed Sauxt's ghost (journeyman GrEE)
 22220 | D:14     | Found a runed translucent gate.
 22226 | D:14     | Identified the +8 chain mail of Rationality {rElec Int+3
                  | Dex+3}
 22453 | D:14     | Noticed Rupert
 22474 | D:14     | Killed Rupert
 22744 | D:14     | Killed Sauxt's ghost
 22939 | D:15     | Entered Level 15 of the Dungeon
 23045 | D:15     | Reached skill level 10 in Fighting
 23535 | D:15     | Reached skill level 10 in Shields
 24016 | D:15     | Found a staircase to the Depths.
 24595 | Swamp:1  | Entered Level 1 of the Swamp
 24595 | Swamp:1  | Noticed Roxanne
 24618 | Swamp:1  | Killed from afar by Roxanne

Illustrated notes

Levels and vault maps discovered:
D:1:      minmay_arrival_up_and_down, layout_rooms,
          ebering_ecumenical_altar_hall, st_stairs_6
D:2:      layout_basic, hex_tiny, minmay_pentomino_q2, uniq_terence
D:3:      layout_loops_ring, xom_redecorated, portal_sewer_entry_a
D:4:      layout_basic
D:5:      layout_gridville, serial_shops, nicolae_shop_back_alley_shop,
          grunt_ministairs_8
D:6:      layout_cave_pools, trog_antimagical,
          minmay_temple_entry_drinking_statues, uniq_prince_ribbit1
D:7:      layout_gridville
D:8:      layout_loops_corners, zin_treasury, lair_entry_dummy,
          lightli_ossuary_entry_decrepit_ruins, kennysheep_flooded_box,
          lightli_corner_chamber
D:9:      layout_loops_cross
D:10:     layout_layer_cave, nicolae_overflow_hidden_temple,
          nicolae_uskayaw_suspiria, amcnicky_altar_gilded, slow_altar_2,
          uniq_maggie
D:11:     layout_stronghold, david_orc_3, gauntlet_entry_generic
D:12:     layout_long_grid, hellmonk_guarded_unrand_lears, uniq_frances
D:13:     layout_loops_corners, david_vaults_5, nicolae_shop_unique_rings
D:14:     dreamdust_cave_troll, layout_basic, biasface_ghost_orc_armoury,
          fedhas_altar_2, hangedman_decor_points, uniq_rupert
D:15:     gammafunk_enter_depths_forms, layout_basic,
          nicolae_concentric_dashed_squares_wild
Temple:   minmay_freezing_vapour_temple
Lair:1:   layout_regular_city, gammafunk_ghost_necromancy,
          chequers_serial_rivers_micro_c, minmay_lair_oklob_bushes
Lair:2:   layout_gridlike, swamp_mist_pool, basic_altar, uniq_urug
Lair:3:   layout_hall_layers, nicolae_spider_entry_tight_spaces,
          serial_bayou_shore_b, infiniplex_staircase_pool, grunt_megastairs_4
Lair:4:   layout_cave_pods, infiniplex_staircase_pool_2, grunt_megastairs_3,
          lemuel_fruit_fields
Lair:5:   hangedman_lair_tendril_chambers, layout_small_grid, slime_entry_1,
          chequers_serial_rivers_small_3
Swamp:1:  nicolae_swamp_ascending_descending_big, layout_basic_swamp,
          nicolae_swamp_trees_clearing, uniq_roxanne, uniq_nikola
Orc:1:    layout_caves, dreamdust_deal_with_the_devil,
          nicolae_shop_overcharged_wands
Orc:2:    st_orc_elflike, layout_diamond_mine, enter_volcano_4, uniq_donald,
          uniq_saint_roka

Skill      XL: |  1  2  3  4  5  6  7  8  9 10 11 12 13 14 15 |
---------------+----------------------------------------------+-----
Dodging        | 3 4 5 6 8 9 10 | 10.0
Invocations    | 1 2 3 4 5 7 8 9 10 | 10.9
Fighting       | 3 4 5 6 7 8 9 10 | 10.1
Maces & Flails | 4 6 7 9 11 12 | 12.0
Shapeshifting  | 1 4 5 6 8 9 |  9.0
Shields        | 5 6 7 9 10 | 10.1
Armour         | 2 5 6 |  6.5

Action                     |  1- 3 |  4- 6 |  7- 9 | 10-12 | 13-15 || total
---------------------------+-------+-------+-------+-------+-------++-------
  Melee: Flail             |    78 |   397 |   435 |   158 |       ||  1068
         Morningstar       |       |       |       |   692 |  1809 ||  2501
  Throw: Javelin           |       |       |       |     2 |       ||     2
 Invoke: Heroism           |       |       |       |     6 |    35 ||    41
         Finesse           |       |       |       |       |     7 ||     7
  Evoke: Wand              |       |       |     9 |    14 |    12 ||    35
    Use: Potion            |       |     2 |     2 |     5 |    12 ||    21
         Scroll            |       |     5 |     7 |     2 |    18 ||    32
   Stab: Distracted        |       |       |       |     1 |     1 ||     2
         Sleeping          |       |       |       |       |     5 ||     5
         Petrifying        |       |       |       |       |     1 ||     1
         Petrified         |       |       |       |       |     1 ||     1
 Armour: Robe              |    25 |   252 |   167 |    86 |       ||   530
         Troll leather arm |       |       |       |   204 |   282 ||   486
  Dodge: Dodged            |    58 |   426 |   352 |   776 |  1096 ||  2708
  Block: Kite shield       |    40 |   249 |   173 |   487 |  1210 ||  2159
         Reflection        |       |       |       |       |    53 ||    53

Table legend: (Time is in decaauts)
 A = Elapsed time spent in this place.
 B = Non-inter-level travel time spent in this place.
 C = Inter-level travel time spent in this place.
 D = Time resting spent in this place.
 E = Time spent auto-exploring this place.
 F = Levels seen in this place.
 G = Mean time per level.
                   A        B        C        D        E       F      G
               +--------+--------+--------+--------+--------+-----+--------+
         Total |  24981 |  23222 |   1759 |    682 |  14965 |  28 |  892.2 |
       Dungeon |  14848 |  13601 |   1247 |    524 |   9171 |  15 |  989.9 |
        Temple |     15 |     10 |      5 |      0 |      0 |   1 |   15.0 |
          Lair |   6016 |   5717 |    299 |      2 |   4046 |   5 | 1203.2 |
         Swamp |     12 |     12 |      0 |      0 |      0 |   1 |   12.0 |
  Orcish Mines |   2031 |   1825 |    206 |     88 |    941 |   2 | 1015.5 |
         Sewer |    774 |    774 |      0 |      0 |    395 |   1 |  774.0 |
       Ossuary |     97 |     97 |      0 |      0 |     32 |   1 |   97.0 |
       Volcano |    394 |    394 |      0 |      0 |    170 |   1 |  394.0 |
      Gauntlet |    790 |    790 |      0 |     68 |    210 |   1 |  790.0 |
               +--------+--------+--------+--------+--------+-----+--------+

Top non-repeatable levels by time:
     D:8: 1493 daAuts
  Lair:5: 1398 daAuts
   Orc:2: 1366 daAuts
    D:11: 1304 daAuts
    D:14: 1301 daAuts
    D:15: 1293 daAuts
    D:13: 1264 daAuts
  Lair:3: 1229 daAuts
  Lair:1: 1164 daAuts
  Lair:4: 1122 daAuts
  Lair:2: 1100 daAuts
     D:9: 1057 daAuts
     D:6: 976 daAuts
     D:7: 928 daAuts
     D:3: 891 daAuts
